 Dungeon Crawl Stone Soup version 0.19.0-2-gae57169 (webtiles) character file.

219 JeffiDaFish the Shield-Bearer (level 5, 0/33 HPs)
             Began as a Gargoyle Fighter on Nov 4, 2016.
             Slain by an orc wizard
             ... wielding a +0 great mace
              (9 damage)
             ... on level 4 of the Dungeon.
             The game lasted 00:07:57 (2534 turns).

JeffiDaFish the Shield-Bearer (Gargoyle Fighter)    Turns: 2534, Time: 00:07:58

Health: 0/33       AC: 11    Str: 20 (21) XL:     5   Next: 96%
Magic:  5/5        EV:  8    Int:  6 (8)  God:
Gold:   227        SH:  9    Dex:  9      Spells: 0 memorised, 4 levels left

rFire  . . .     SeeInvis .     a - +1 flail
rCold  + . .     Gourm    .     b - +0 scale mail
rNeg   + . .     Faith    .     c - +0 shield
rPois  ∞         Spirit   .     (no helmet)
rElec  +         Reflect  .     (no cloak)
rCorr  .         Harm     .     (no gloves)
MR     .....                    (no boots)
Stlth  ..........               (no amulet)
                                j - ring of protection from fire
                                e - ring of ice

@: no status effects
A: fangs 1, blink, blurry vision 1, negative energy resistance 1, electricity
resistance, unbreathing, petrification resistance, rot immunity, AC +4
a: Blink


You were on level 4 of the Dungeon.
You were not hungry.

You visited 1 branch of the dungeon, and saw 4 of its levels.

You collected 227 gold pieces.

Inventory:

Hand Weapons
 a - a +1 flail (weapon)
Armour
 b - a +0 scale mail (worn)
 c - a +0 shield (worn)
Jewellery
 e - a ring of ice (left hand)
 j - a ring of protection from fire (right hand)
Wands
 l - a wand of random effects (15/48)
Scrolls
 k - 2 scrolls of identify
Potions
 d - a potion of might
Comestibles
 f - 4 bread rations
 g - 4 meat rations
 h - 2 slices of pizza
 i - 3 chunks of flesh


   Skills:
 + Level 3.9 Fighting
 + Level 4.1 Maces & Flails
 + Level 4.1 Armour
 + Level 1.0 Dodging
 + Level 4.4 Shields


You had 4 spell levels left.
You didn't know any spells.

Dungeon Overview and Level Annotations

Branches:
Dungeon (4/15)
 Temple: D:4-7

Altars:
Elyvilon
Kikubaaqudgha
Nemelex Xobeh
Xom


Innate Abilities, Weirdness & Mutations

You are resistant to torment.
Your stone body is resilient. (AC +4)
You are immune to poison.
You resist negative energy. (rN+)
You are resistant to electric shocks. (rElec)
You can survive without breathing.
You are immune to petrification.
You are immune to rotting.
You have very sharp teeth.
You can translocate small distances at will.
Scrolls take you a little longer to read.


Message History

The orc wizard closely misses you. The orc hits you but does no damage.
The orc wizard hits you with a great mace!
You block the orc's attack.
A phantom comes into view.
You hit the orc wizard. Your bite misses the orc wizard.
The orc wizard is almost dead.
The orc wizard gestures at you while chanting.
The puff of frost hits you! You resist. The orc closely misses you.
The orc wizard hits you with a great mace!
* * * LOW HITPOINT WARNING * * *
The orc hits you but does no damage. You block the orc wizard's attack.
You barely miss the orc wizard.
The orc wizard is almost dead.
The orc wizard hits you but does no damage.
The orc closely misses you.
You closely miss the orc wizard.
The orc wizard is almost dead.
The orc wizard hits you with a great mace!
You die...

# #.##..# ##.......##.........# #
#.....####.[.......#.........##
####.......'.........'...........
........####.........#.........##
####.#.## ##.......##.........##
#.### ##>....###..........# #.#
##...## #.........## #.# ##'##
###.##.#.## #.# #@# #......# #.#
#o# #####.## ##.########
##o####### #.# #...#...!.#
#.o.....$. #.#
#.#.....#.##..W..####. #.#
#...#..##.###...## #.#
########...###.## #.# ##.....##..
..# #.......#.# ###


You could see a phantom, an orc wizard and 2 orcs.

Vanquished Creatures
  An iguana (D:4)
  A worker ant (D:4)
  6 adders
  An ooze (D:2)
  A worm (D:3)
  2 dart slugs
  2 leopard geckos
  4 orcs (D:3)
  2 ball pythons
  5 bats
  2 giant cockroaches
  8 goblins
  10 hobgoblins
  11 jackals
  7 kobolds
  A frilled lizard (D:1)
  A quokka skeleton (D:4)
  39 rats
104 creatures vanquished.

Notes
Turn   | Place    | Note
-------+----------+-------------------------------------------
     0 | D:1      | JeffiDaFish the Gargoyle Fighter began the quest for the Orb.
     0 | D:1      | Reached XP level 1. HP: 14/14 MP: 1/1
    74 | D:1      | Reached XP level 2. HP: 18/19 MP: 2/2
   655 | D:1      | Reached XP level 3. HP: 23/23 MP: 3/3
   869 | D:2      | Reached XP level 4. HP: 27/29 MP: 4/4
   904 | D:2      | Found a sparkling altar of Nemelex Xobeh.
   991 | D:2      | Found a white marble altar of Elyvilon.
  1492 | D:3      | Reached XP level 5. HP: 33/33 MP: 5/5
  1513 | D:3      | Found a shimmering altar of Xom.
  1741 | D:3      | Gained mutation: You can translocate small distances at will. [potion of mutation]
  1741 | D:3      | Gained mutation: You have very sharp teeth. [potion of mutation]
  1741 | D:3      | Gained mutation: Scrolls take you a little longer to read. [potion of mutation]
  2369 | D:4      | Identified the +2 leather armour of Impressiveness {Regen+} (You found it on level 4 of the Dungeon)
  2408 | D:4      | Reached skill level 1 in Dodging
  2460 | D:4      | Found an ancient bone altar of Kikubaaqudgha.
  2529 | D:4      | Noticed a phantom
  2534 | D:4      | Slain by an orc wizard

Skill      XL: |  1  2  3  4  5 |
---------------+----------------+-----
Shields        | 4 |  4.4
Maces & Flails | 3 4 |  4.1
Armour         | 4 |  4.1
Dodging        | 1 |  1.0
Fighting       | |  3.9

Action                   |  1- 3 |  4- 6 || total
-------------------------+-------+-------++-------
Melee: Flail             |   161 |   260 ||   421
       Bite              |       |     3 ||     3
  Use: Scroll            |     2 |     7 ||     9
       Potion            |       |     5 ||     5
  Eat: Chunk             |       |     6 ||     6
Armor: Scale mail        |   116 |   163 ||   279
Dodge: Dodged            |    46 |    94 ||   140
Block: Shield            |    97 |   166 ||   263
